 Dungeon Crawl Stone Soup version 0.23.1-41-g7e51ed3 (webtiles) character file.

Game seed: 6294018850879227323

39 Borgoz the Cutter (level 3, -1/22 HPs)
             Began as a Gargoyle Gladiator on Mar 30, 2019.
             Killed by nerve-wracking pain
             ... invoked by Jessica
              (5 damage)
             ... on level 2 of the Dungeon.
             The game lasted 00:01:23 (559 turns).

Borgoz the Cutter (Gargoyle Gladiator)               Turns: 559, Time: 00:01:23

Health: -1/22      AC:  7    Str: 17    XL:     3   Next: 45%
Magic:  3/3        EV: 12    Int:  8    God:
Gold:   42         SH:  0    Dex: 12    Spells: 2/2 levels left

rFire    . . .     SeeInvis .   a - +0 rapier
rCold    . . .     Gourm    .   (no shield)
rNeg     + . .     Faith    .   b - +0 leather armour
rPois    ∞         Spirit   .   c - +0 helmet
rElec    +         Reflect  .   (no cloak)
rCorr    .         Harm     .   (no gloves)
MR       .....                  (no boots)
Stlth    +.........             (no amulet)
HPRegen  0.07/turn              (no ring)
MPRegen  0.08/turn              (no ring)

@: no status effects
A: negative energy resistance 1, electricity resistance, unbreathing,
petrification resistance, rot immunity, AC +3
a: no special abilities


You were on level 2 of the Dungeon.
You were not hungry.

You visited 1 branch of the dungeon, and saw 2 of its levels.

You collected 42 gold pieces.

Inventory:

Hand Weapons
 a - a +0 rapier (weapon)
 h - a +0 dagger of holy wrath
Armour
 b - a +0 leather armour (worn)
 c - a +0 helmet (worn)
Scrolls
 e - a scroll of fog {unknown}
 i - a scroll of remove curse {unknown}
 j - a scroll of identify {unknown}
 n - a scroll of teleportation {unknown}
 o - a scroll of immolation {unknown}
 p - a scroll of blinking {unknown}
Potions
 k - a potion of curing {unknown}
 l - a potion of mutation {unknown}
 m - a potion of heal wounds
Comestibles
 f - 2 rations
 g - 3 chunks of flesh


   Skills:
 + Level 2.4 Fighting
 * Level 3.0 Short Blades
 - Level 1.7 Throwing
 * Level 1.6 Armour
 * Level 2.7 Dodging
 + Level 0.7 Stealth


You had 2 spell levels left.
You didn't know any spells.
Your spell library was empty.

Dungeon Overview and Level Annotations

Branches:
Dungeon (2/15)

Altars:

Annotations:
D:2 Jessica


Innate Abilities, Weirdness & Mutations

You are resistant to torment.
Your stone body is resilient. (AC +3)
You are immune to poison.
You resist negative energy. (rN+)
You are resistant to electric shocks. (rElec)
You can survive without breathing.
You are immune to petrification.
You are immune to rotting.


Message History

Throwing (i - inventory)
d - a throwing net (quivered)
Press: ? - help, Shift-Dir - straight line, f/p - Jessica
Aim: Jessica, wielding a +0 dagger and wearing a +0 robe (severely wounded, fast)
You throw a throwing net.
The throwing net closely misses Jessica.
The bat hits you but does no damage. Jessica hits you but does no damage.
The jackal misses you.
The frilled lizard bites you but does no damage.
You barely miss Jessica.
Jessica is severely wounded.
The bat hits you but does no damage. The jackal barely misses you.
Jessica hits you but does no damage. x2
The jackal bites you but does no damage.
The frilled lizard closely misses you.
You barely miss Jessica.
Jessica is severely wounded.
The bat closely misses you. The bat barely misses you.
Jessica points at you and mumbles some strange words.
Pain shoots through your body!
You die...

##########
#........#
#........#
##b@......#
#.hl@.....#
#†........#
#....†...(.....
##..#.#########
...##### ..## #


You could see Jessica, a jackal, a bat and a frilled lizard.

Vanquished Creatures
  2 dart slugs (D:1)
  A leopard gecko (D:1)
  A ball python (D:1)
  A giant cockroach (D:1)
  6 hobgoblins (D:1)
  7 jackals
  A bat (D:1)
  2 frilled lizards
  2 goblins (D:1)
  3 kobolds (D:1)
  4 rats (D:1)
30 creatures vanquished.

Notes
Turn   | Place    | Note
-------+----------+-------------------------------------------
     0 | D:1      | Borgoz the Gargoyle Gladiator began the quest for the Orb.
     0 | D:1      | Reached XP level 1. HP: 12/12 MP: 1/1
    49 | D:1      | Reached XP level 2. HP: 14/17 MP: 2/2
    88 | D:1      | Reached skill level 1 in Armour
   177 | D:1      | Reached skill level 3 in Short Blades
   268 | D:1      | Reached XP level 3. HP: 20/22 MP: 3/3
   526 | D:2      | Noticed Jessica
   559 | D:2      | Killed from afar by Jessica

Skill      XL: |  1  2 |
---------------+-------+-----
Armour         | 1 |  1.6
Short Blades   | 3 |  3.0
Fighting       | |  2.4
Throwing       | |  1.7
Dodging        | |  2.7
Stealth        | |  0.7

Action                   || total
-------------------------++-------
Melee: Rapier            ||   123
Throw: Throwing net      ||     3
Armor: Leather armour    ||    95
Dodge: Dodged            ||   140
